Map: Ever Dream LE

Players

Lambo - Winner!

  • Race: Zerg Zerg
  • Spawn Location: 7:00

SortOf

  • Race: Zerg Zerg
  • Spawn Location: 1:00

Event: StayAtHomestory Cup #1

VOD

Have the link to the VOD?

Description

Time

  • Played on: April 10, 2020, 2:15 p.m.
  • Length: 10:02

All games in this series

Show
View Real Time Build Order
Export as new Build Order

Lambo Zerg - Winner!

Build Orders: Hatch First 

Get SALT Encoding   

  12  0:01  Drone  
  13  0:12  Overlord  
  13  0:16  Drone  
  14  0:31  Drone x2  
  16  0:47  Hatchery  
  15  0:51  Drone  
  15  0:54  Drone  
  17  0:58  Drone  
  18  1:08  Extractor  
  17  1:13  Spawning Pool  
  17  1:15  Drone  
  17  1:18  Drone  
  18  1:28  Drone  
  19  2:00  Zergling x6, Spine Crawler, Queen  
  23  2:02  Zergling x2  
  23  2:10  Zergling x2  
  23  2:14  Zergling x2  
  10  2:57  Zergling x2  
  11  3:04  Zergling x2  
  12  3:18  Zergling x2  
  7  3:51  Drone  
  8  4:13  Drone  
  7  4:29  Drone  
  8  4:40  Drone  
  9  4:53  Drone  
  9  4:59  Drone  
  11  5:07  Drone  
  12  5:17  Drone  
  12  5:20  Drone  
  14  5:26  Drone  
  15  5:31  Drone  
  16  5:38  Drone  
  16  5:41  Drone  
  18  5:46  Drone  
  19  5:54  Overlord  
  19  5:57  Drone  
  19  6:00  Drone  
  21  6:06  Drone  
  22  6:15  Queen  
  22  6:18  Drone  
  25  6:20  Drone  
  25  6:23  Drone  
  25  6:25  Drone  
  28  6:29  Drone  
  29  6:36  Overlord  
  29  6:53  Queen, Overlord  
  31  6:55  Drone x4  
  31  6:59  Drone  
  36  7:06  Overlord  
  36  7:12  Drone  
  36  7:14  Queen  
  39  7:16  Extractor  
  39  7:21  Drone  
  38  7:22  Roach Warren  
  37  7:31  Queen  
  37  7:34  Overlord  
  39  7:54  Overlord  
  39  7:56  Queen  
  41  8:04  Roach x6  
  53  8:07  Overlord  
  53  8:11  Roach  
  55  8:16  Roach  
  57  8:22  Roach x2  
  57  8:25  Overlord  
  61  8:33  Roach x2  
  65  8:39  Roach  
  67  8:42  Roach  
  67  8:47  Roach  
  71  8:55  Roach x3  
  77  9:03  Overlord  
  77  9:05  Roach  
  77  9:08  Overlord  
  79  9:14  Roach x2  
  83  9:26  Roach x3  
  89  9:37  Roach x3  
Show
View Real Time Build Order
Export as new Build Order

SortOf Zerg 

Build Orders: Pool First 

Get SALT Encoding   

  12  0:18  Spawning Pool  
  11  0:22  Drone  
  11  0:26  Drone  
  13  0:30  Drone  
  14  0:40  Overlord  
  14  1:05  Zergling x6  
  17  1:17  Zergling x2  
  18  1:28  Zergling x2  
  19  1:43  Zergling x2, Spine Crawler  
  19  1:53  Zergling x2  
  21  1:58  Spine Crawler  
  20  2:02  Spine Crawler  
  7  3:28  Drone  
  8  3:34  Drone  
  8  3:46  Zergling x2  
  9  3:50  Zergling x2  
  10  3:55  Zergling x2  
  11  4:03  Drone  
  12  4:12  Drone  
  13  4:24  Drone  
  12  4:39  Drone  
  12  4:41  Queen  
  15  4:46  Extractor  
  15  4:47  Drone  
  15  4:55  Drone  
  16  5:06  Drone  
  17  5:22  Drone  
  18  5:32  Overlord  
  18  5:41  Hatchery  
  17  5:47  Drone  
  18  5:51  Drone  
  19  5:57  Drone  
  19  6:02  Drone  
  21  6:07  Drone  
  22  6:12  Drone  
  22  6:17  Metabolic Boost  
  23  6:24  Drone  
  24  6:38  Lair  
  24  6:40  Extractor  
  24  6:44  Drone x2  
  25  6:53  Queen  
  27  6:55  Drone  
  27  7:00  Drone  
  29  7:09  Drone x2  
  31  7:16  Drone x2  
  33  7:26  Overlord  
  33  7:30  Drone x3  
  36  7:38  Spire  
  36  7:43  Overlord  
  35  7:47  Zergling x4  
  35  7:51  Drone  
  37  7:52  Drone  
  37  7:57  Overlord  
  38  8:00  Drone  
  38  8:01  Drone  
  38  8:04  Drone  
  41  8:07  Drone  
  41  8:10  Extractor x2  
  41  8:12  Drone x2  
  42  8:15  Zergling x2  
  42  8:17  Zergling x2  
  42  8:19  Zergling x2  
  44  8:20  Zergling x2  
  44  8:24  Zergling x2  
  46  8:31  Spine Crawler  
  44  8:40  Overlord  
  44  8:49  Mutalisk x3  
  44  8:50  Mutalisk  
  52  8:59  Mutalisk, Overlord  
  52  9:00  Mutalisk  
  56  9:08  Mutalisk  
  57  9:14  Zergling x4  
  57  9:15  Overlord  
  59  9:19  Mutalisk  
  61  9:26  Mutalisk  
  55  9:32  Zergling x8  
Tags
 
Add a new tag
Caveats
  • Supply blocks, unpowered buildings, or Contaminate may cause inaccurate times.
  • Supply counts are checked every 10 seconds.